 Dungeon Crawl Stone Soup version 0.30-a0-757-ga6a79fd877 (webtiles) character file.

Game seed: 13163902627179605412

1869 browni3141 the Magician (level 8, -1/62 HPs)
             Began as a Mummy Cinder Acolyte on Feb 9, 2023.
             Was a Priest of Ignis.
             Slain by a necrophage (3 damage)
             ... on level 6 of the Dungeon on Feb 10, 2023.
             The game lasted 00:18:19 (7033 turns).

browni3141 the Magician (Mummy Cinder Acolyte)      Turns: 7033, Time: 00:18:19

Health: -1/62      AC: 11    Str: 17    XL:     8   Next: 90%
Magic:  2/8        EV: 11    Int: 23    God:    Ignis [***...]
Gold:   296        SH:  0    Dex:  8    Spells: 17/19 levels left

rFire   . . .      SeeInvis .    w - +12 rapier "Uduosaor" {antimagic, *Slow rElec Int+8}
rCold   + . .      Faith    +    (no shield)
rNeg    + + +      Spirit   .    m - +0 leather armour of Resilience {Will+ rCorr}
rPois   ∞          Reflect  .    (no helmet)
rElec   +          Harm     .    d - +0 cloak
rCorr   +          Rampage  .    (no gloves)
Will    ++...                    (no boots)
Stlth   +                        (no amulet)
HPRegen 0.30/turn                g - ring of magical power
MPRegen 0.11/turn                (no ring)

@: fiery-armoured
A: cold resistance 1, negative energy resistance 3, torment resistance 2, heat
vulnerability 1, in touch with death 1, no potions, faith
a: Renounce Religion, Fiery Armour, Foxfire Swarm, Rising Flame


You were on level 6 of the Dungeon.
You worshipped Ignis.
Ignis was most pleased with you.
You visited 1 branch of the dungeon, and saw 6 of its levels.

You collected 296 gold pieces.

Inventory:

Hand Weapons
 a - a -1 mace of flaming
 c - a +1 mace of protection
 f - a +0 morningstar
 w - the +12 rapier "Uduosaor" (weapon) {antimagic, *Slow rElec Int+8}
   (You found it on level 4 of the Dungeon)

   Int:       It affects your intelligence (+8).
   rElec:     It insulates you from electricity.
   *Slow:     It may slow you when you take damage.
Missiles
 j - 9 poisoned darts
 k - 3 atropa-tipped darts
Armour
 b - a +0 robe
 d - a +0 cloak (worn)
 e - a +1 leather armour of willpower
 m - the +0 leather armour of Resilience (worn) {Will+ rCorr}
   (You found it on level 2 of the Dungeon)

   rCorr:     It protects you from acid and corrosion.
   Will:      It increases your willpower.
Jewellery
 g - a ring of magical power (left hand)
 t - an amulet of guardian spirit
Wands
 n - a wand of flame (19)
Scrolls
 h - 3 scrolls of enchant weapon
 i - 2 scrolls of brand weapon
 l - 2 scrolls of torment
 o - 3 scrolls of teleportation
 p - 3 scrolls of poison
 q - a scroll of amnesia
 s - 2 scrolls of immolation
 u - a scroll of vulnerability
 v - a scroll of silence {unknown}


   Skills:
 - Level 5.0 Fighting
 - Level 5.0 Short Blades
 - Level 5.0 Maces & Flails
 - Level 2.0 Throwing
 - Level 2.0 Armour
 * Level 6.0 Spellcasting
 - Level 3.0 Fire Magic
 - Level 2.0 Evocations


You had 17 spell levels left.
You knew the following spells:

 Your Spells              Type           Power      Damage    Failure   Level
a - Scorch                Fire           40%        2d7       4%          2

Your spell library contained the following spells:

 Spells                   Type           Power      Damage    Failure   Level
 Sandblast                Erth           12%        2d6       10%         1
 Passwall                 Tmut/Erth      5%         N/A       16%         2
 Ozocubu's Armour         Ice            6%         N/A       30%         3
 Stone Arrow              Conj/Erth      12%        3d7       30%         3
 Ozocubu's Refrigeration  Ice            3%         4d8       100%        7


Dungeon Overview and Level Annotations

Branches:
Dungeon (6/15)             Temple (0/1) D:6

Altars:
Cheibriados
Ru

Shops:
D:1 *


Innate Abilities, Weirdness & Mutations

You are immune to poison.
Your flesh is cold resistant. (rC+)
You are immune to negative energy. (rN+++)
You are immune to unholy pain and torment.
You are vulnerable to heat. (rF-)
You are in touch with the powers of death.
You do not drink.
You have a special connection with the divine. (Faith)


Message History

The orc is burned by your cloak of flames.
You kill the orc!
The necrophage barely misses you. The orc hits you with a +0 short sword.
* * * LOW HITPOINT WARNING * * *
The orc is burned by your cloak of flames.
The orc is severely wounded.
You puncture something!
The necrophage hits you but does no damage.
The necrophage is burned by your cloak of flames.
The necrophage is lightly damaged.
The orc closely misses you. Something hits you.
* * * LOW HITPOINT WARNING * * *
You barely miss the orc priest. The necrophage barely misses you.
The orc closely misses you. The orc priest hits you with a +0 mace.
* * * LOW HITPOINT WARNING * * *
The orc priest is burned by your cloak of flames.
The orc priest is lightly wounded.
Something hits you.
* * * LOW HITPOINT WARNING * * *
You puncture the orc priest!
The orc priest is severely wounded.
The necrophage hits you.
* * * LOW HITPOINT WARNING * * *
The necrophage is burned by your cloak of flames.
The necrophage is moderately damaged.
The orc hits you but does no damage.
The orc is burned by your cloak of flames.
You kill the orc!
The orc priest hits you with a +0 mace.
* * * LOW HITPOINT WARNING * * *
The orc priest is burned by your cloak of flames.
The orc priest is almost dead.
Something hits you but does no damage.
Reactivating autopickup.
You feel a bit more experienced.
Your Spellcasting skill increases to level 6!
You puncture the orc priest!
You kill the orc priest!
The necrophage hits you.
You die...

...............##.##...
......................
.....................
.........<.......... ..........
..o..... ......... .......
#n)....#####.o....
#@)....#..)#......
#.)....#..)+......
#......#..)#......
########......#...#!.....
..............#...#......
..............#...#......
.....................#...#......
#.....................#...#......
......................#...#......


You could see a necrophage.

Vanquished Creatures
  A water moccasin (D:6)
  An orc warrior (D:6)
  2 ice beasts
  2 black bears (D:5)
  An ogre (D:6)
  The ghost of hikkokomori the Conjurer, an amateur DECj (D:4)
  2 scorpions
  A necrophage (D:4)
  7 orc priests
  2 hounds
  A gnoll bouda (D:5)
  A jelly (D:5)
  3 iguanas
  Natasha (thrice) (D:2)
  10 orc wizards
  A mummy (D:5)
  3 gnolls (D:5)
  6 adders
  2 white imps (D:5)
  A worm (D:4)
  6 dart slugs
  32 orcs
  9 ball pythons
  7 bats
  13 endoplasms
  4 giant cockroaches
  6 hobgoblins
  2 jackals (D:1)
  6 quokkas
  7 frilled lizards
  5 goblins
  9 kobolds
  15 rats
172 creatures vanquished.

Notes
Turn   | Place    | Note
-------+----------+-------------------------------------------
     0 | D:1      | browni3141 the Mummy Cinder Acolyte began the quest for the
                  | Orb.
     0 | D:1      | Reached XP level 1. HP: 18/18 MP: 2/2
    75 | D:1      | Reached skill level 2 in Spellcasting
   163 | D:1      | Found Uhogept's General Store.
   412 | D:1      | Reached XP level 2. HP: 23/24 MP: 5/5
   445 | D:1      | Learned a level 2 spell: Scorch
   592 | D:1      | Gained mutation: You are in touch with the powers of death.
                  | [Mummy growth]
   592 | D:1      | Reached XP level 3. HP: 24/29 MP: 7/7
   663 | D:1      | Reached skill level 3 in Spellcasting
  1392 | D:2      | Noticed Natasha
  1406 | D:2      | Killed Natasha
  1407 | D:2      | Reached skill level 4 in Spellcasting
  1407 | D:2      | Reached skill level 1 in Throwing
  1407 | D:2      | Reached XP level 4. HP: 31/35 MP: 10/10
  1479 | D:2      | Identified the +0 leather armour of Resilience {Will+
                  | rCorr}
  1679 | D:2      | Noticed Natasha
  1688 | D:2      | Killed Natasha
  1960 | D:2      | Noticed Natasha
  1964 | D:2      | Killed Natasha
  1965 | D:2      | Reached XP level 5. HP: 22/41 MP: 11/11
  2296 | D:3      | Reached skill level 5 in Spellcasting
  2472 | D:3      | Noticed an ice beast
  2479 | D:3      | Killed an ice beast
  2480 | D:3      | Reached skill level 1 in Evocations
  2480 | D:3      | Reached XP level 6. HP: 41/47 MP: 12/13
  3568 | D:4      | Reached XP level 7. HP: 26/52 MP: 6/14
  3668 | D:4      | Found a runed translucent door.
  3672 | D:4      | Noticed hikkokomori's ghost (amateur DECj)
  4671 | D:4      | Killed hikkokomori's ghost
  4678 | D:4      | Identified the +12 rapier "Uduosaor" {antimagic, *Slow
                  | rElec Int+8}
  4699 | D:5      | Entered Level 5 of the Dungeon
  4775 | D:5      | Reached skill level 5 in Maces & Flails
  5139 | D:5      | Reached XP level 8. HP: 31/61 MP: 1/15
  5331 | D:5      | Reached skill level 5 in Fighting
  5465 | D:5      | Identified the +11 short sword of Quaxyaci {heavy, Contam
                  | +Blink rC- Dex+9}
  5609 | D:5      | Reached skill level 1 in Short Blades
  5932 | D:5      | Found a snail-covered altar of Cheibriados.
  6487 | D:6      | Found a sacrificial altar of Ru.
  6557 | D:6      | Found a staircase to the Ecumenical Temple.
  6962 | D:6      | Reached skill level 5 in Short Blades
  7032 | D:6      | HP: 2/62 [orc priest/+0 mace (5)]
  7033 | D:6      | Reached skill level 6 in Spellcasting
  7033 | D:6      | Slain by a necrophage

Illustrated notes

Levels and vault maps discovered:
D:1:      evilmike_arrival_grusome_pit, layout_basic, serial_shops,
          shop_fountains, minmay_tromino_v4_b
D:2:      layout_loops_ring, basic_altar, uniq_natasha
D:3:      layout_basic, chequers_avenue, chequers_serial_rivers_room_a,
          minmay_randomly_rotated_circles
D:4:      layout_basic, ebering_ghost_sewer_d, minmay_ruptured
D:5:      layout_basic, chei_slow_surprise
D:6:      layout_gridville, mainiacjoe_overflow_small_starburst,
          nicolae_ru_great_annihilating_truth,
          mainiacjoe_overflow_concentric_impassable, temple_fountains

Skill      XL: |  1  2  3  4  5  6  7  8 |
---------------+-------------------------+-----
Spellcasting   | 2 4 5 6 |  6.0
Fire Magic     | 3 |  3.0
Throwing       | 1 2 |  2.0
Armour         | 2 |  2.0
Evocations     | 1 2 |  2.0
Maces & Flails | 3 5 |  5.0
Fighting       | 4 5 |  5.0
Short Blades   | 5 |  5.0

Action                     |  1- 3 |  4- 6 |  7- 9 || total
---------------------------+-------+-------+-------++-------
  Melee: Mace              |   104 |    46 |     7 ||   157
         Punch             |     1 |       |       ||     1
         Rapier            |       |       |    78 ||    78
   Cast: Scorch            |     1 |    71 |    75 ||   147
 Invoke: Fiery Armour      |     2 |     2 |     3 ||     7
  Evoke: Wand              |       |       |     3 ||     3
    Use: Scroll            |     3 |     3 |     2 ||     8
   Stab: Invisible         |       |       |     1 ||     1
 Armour: Leather armour    |    48 |    29 |    40 ||   117
         Robe              |     2 |       |       ||     2
  Dodge: Dodged            |    87 |    59 |    69 ||   215

Table legend: (Time is in decaauts)
 A = Elapsed time spent in this place.
 B = Non-inter-level travel time spent in this place.
 C = Inter-level travel time spent in this place.
 D = Time resting spent in this place.
 E = Time spent auto-exploring this place.
 F = Levels seen in this place.
 G = Mean time per level.
                   A        B        C        D        E       F      G
               +--------+--------+--------+--------+--------+-----+--------+
         Total |   7083 |   6695 |    388 |    270 |   5199 |   6 | 1180.5 |
       Dungeon |   7083 |   6695 |    388 |    270 |   5199 |   6 | 1180.5 |
               +--------+--------+--------+--------+--------+-----+--------+

Top non-repeatable levels by time:
     D:5: 1573 daAuts
     D:4: 1564 daAuts
     D:1: 1224 daAuts
     D:3: 1172 daAuts
     D:2: 886 daAuts
     D:6: 662 daAuts
